 Dungeon Crawl Stone Soup version 0.30-a0-557-ge2afbf3030 (webtiles) character file.

Game seed: 6187075777943328136

1282 bmack86 the Chopper (level 8, -22/70 HPs)
             Began as a Minotaur Fighter on Dec 28, 2022.
             Was a Follower of Okawaru.
             Killed from afar by Maggie (35 damage)
             ... with a bolt of fire
             ... on level 6 of the Dungeon.
             The game lasted 00:15:11 (4492 turns).

bmack86 the Chopper (Minotaur Fighter)              Turns: 4492, Time: 00:15:11

Health: -22/70     AC: 15    Str: 24    XL:     8   Next: 29%
Magic:  7/7        EV:  8    Int:  5    God:    Okawaru [*.....]
Gold:   277        SH:  5    Dex:  9    Spells: 7/7 levels left

rFire   . . .      SeeInvis .    a - +0 war axe
rCold   . . .      Faith    .    c - +0 buckler
rNeg    . . .      Spirit   .    e - +0 chain mail
rPois   +          Reflect  .    (helmet restricted)
rElec   .          Harm     .    (no cloak)
rCorr   .          Rampage  .    v - +0 pair of gloves
Will    .....                    (no boots) Stlth
                                 (no amulet)
HPRegen 0.31/turn                q - +4 ring of protection
MPRegen 0.10/turn                u - ring of poison resistance

@: mesmerised
A: horns 2, retaliatory headbutt
a: Renounce Religion, Heroism


You were on level 6 of the Dungeon.
You worshipped Okawaru.
Okawaru was aware of your devotion.
You visited 2 branches of the dungeon, and saw 7 of its levels.

You collected 277 gold pieces.

Inventory:

Hand Weapons
 a - a +0 war axe (weapon)
Missiles
 y - a javelin (quivered)
Armour
 c - a +0 buckler (worn)
 e - a +0 chain mail (worn)
 v - a +0 pair of gloves (worn)
Jewellery
 j - a ring of magical power
 q - a +4 ring of protection (left hand)
 u - a ring of poison resistance (right hand)
Wands
 f - a wand of flame (45)
Scrolls
 g - a scroll of acquirement {unknown}
 m - a scroll of blinking {unknown}
 n - a scroll of silence {unknown}
 p - 2 scrolls of teleportation
 r - a scroll of poison
 s - a scroll of magic mapping
 t - a scroll of fog
 w - a scroll of enchant weapon {unknown}
 A - a scroll of enchant armour {unknown}
Potions
 b - a potion of mutation
 d - a potion of might
 h - a potion of flight
 i - a potion of heal wounds
 k - 3 potions of resistance
 l - 2 potions of invisibility
 o - a potion of brilliance {unknown}
 x - a potion of degeneration {unknown}
 z - a potion of attraction {unknown}
 B - a potion of magic {unknown}


   Skills:
 + Level 6.2 Fighting
 * Level 7.3 Axes
 + Level 2.3 Throwing
 + Level 6.2 Armour
 + Level 6.1 Shields
 + Level 2.1 Evocations


You had 7 spell levels left.
You didn't know any spells.
Your spell library contained the following spells:

 Spells                   Type           Power      Damage    Failure   Level
 Foxfire                  Conj/Fire      0%         2x1d4     99%         1
 Passage of Golubria      Tloc           0%         N/A       100%        4
 Alistair's Intoxication  Tmut/Pois      0%         N/A       100%        5
 Borgnjor's Vile Clutch   Necr/Erth      0%         N/A       100%        5
 Fireball                 Conj/Fire      0%         3d3       100%        5
 Yara's Violent Unravell  Hex/Tmut       0%         3d3       100%        5
 Eringya's Noxious Bog    Tmut/Pois      0%         N/A       100%        6
 Starburst                Conj/Fire      0%         6d3       100%        6
 Tukima's Dance           Hex            Unusable   N/A       N/A         3

Dungeon Overview and Level Annotations

Branches:
Dungeon (6/15)             Temple (1/1) D:5

Altars:
Ashenzari
Cheibriados
Dithmenos
Elyvilon
Fedhas
Gozag
Hepliaklqana
Kikubaaqudgha
Nemelex Xobeh
Okawaru
Qazlal
Ru
Sif Muna
Trog
Uskayaw
Vehumet
Wu Jian
Xom
Yredelemnul
Zin
The Shining One

Shops:
D:4 [   D:5 (

Annotations:
D:6 Maggie


Innate Abilities, Weirdness & Mutations

You have a pair of horns on your head.
You reflexively headbutt those who attack you in melee.


Message History

The necrophage hits you.
You feel drained.
You slash the necrophage!
You destroy the necrophage!
Okawaru accepts your kill. Maggie gestures at you while chanting.
The bolt of fire misses you.
Your life force feels restored.
You are too injured to fight recklessly!
Throw: 4 javelins
Press: ? - help, Q - select action, (/) - cycle Shift-Dir - straight line, f - Maggie
Aim: Maggie, wielding a +1 heavy war axe, wearing +0 acid dragon scales and carrying a wand of flame (14) (heavily wounded, mesmerising, 59% to hit)
You throw a javelin. The javelin pierces through Maggie!
Maggie is severely wounded.
Maggie mumbles some strange words.
Maggie draws you further into her thrall.
Throw: 3 javelins
Press: ? - help, Q - select action, (/) - cycle Shift-Dir - straight line, f/p - Maggie
Aim: Maggie, wielding a +1 heavy war axe, wearing +0 acid dragon scales and carrying a wand of flame (14) (severely wounded, mesmerising, 59% to hit)
You throw a javelin. The javelin barely misses Maggie.
Maggie zaps a wand.
The puff of flame hits you!
* * * LOW HITPOINT WARNING * * *
Throw: 2 javelins
Press: ? - help, Q - select action, (/) - cycle Shift-Dir - straight line, f/p - Maggie
Aim: Maggie, wielding a +1 heavy war axe, wearing +0 acid dragon scales and carrying a wand of flame (13) (severely wounded, mesmerising, 59% to hit)
You throw a javelin. The javelin barely misses Maggie.
Maggie zaps a wand.
The puff of flame hits you!
* * * LOW HITPOINT WARNING * * *
Maggie casts a spell.
Maggie draws you further into her thrall.
Maggie gestures wildly while chanting.
Maggie draws you further into her thrall.
You completely miss Maggie. You headbutt Maggie!
Maggie is severely wounded.
Maggie hits you but does no damage.
You hit Maggie. Your headbutt misses Maggie.
Maggie is severely wounded.
Maggie casts a spell at you. The bolt of fire hits you!!
Ouch! That really hurt!
You die...

#.....## .# #......#
#####.#.....#
###......###...........#
.........##............#
..(......#..........?.$#
#(.....#.............#
#.....†#.............#
#...@@.$.............#
#.....##.............#
#########........#####
##........##
#..........#
#...)......#
#..........#
#.†<)......#
#<..>......#


You could see Maggie (mesmerising).

Vanquished Creatures
  Grinder (D:3)
  Eustachio (D:5)
  Menkaure (D:6)
  An ogre (D:5)
  A bullfrog (D:6)
  A necrophage (D:6)
  3 wights (D:6)
  4 hounds
  2 jellies
  An orc priest (D:5)
  3 iguanas (D:5)
  An orc wizard (D:5)
  4 adders
  3 gnolls (D:4)
  An ufetubus (D:4)
  4 worms
  4 dart slugs
  9 orcs
  10 endoplasms
  2 giant cockroaches
  6 goblins
  8 hobgoblins
  2 jackals (D:2)
  3 quokkas
  9 ball pythons
  3 bats (D:2)
  2 frilled lizards (D:1)
  5 rats
95 creatures vanquished.

Notes
Turn   | Place    | Note
-------+----------+-------------------------------------------
     0 | D:1      | bmack86 the Minotaur Fighter began the quest for the Orb.
     0 | D:1      | Reached XP level 1. HP: 19/19 MP: 0/0
   224 | D:1      | Reached XP level 2. HP: 27/27 MP: 1/1
   872 | D:2      | Reached skill level 3 in Axes
   905 | D:2      | Reached XP level 3. HP: 33/33 MP: 2/2
   912 | D:2      | Noticed a shining eye
   918 | D:2      | Found a faded altar of an unknown god.
   920 | D:2      | Noticed a floating eye
  1386 | D:2      | Noticed a golden eye
  1392 | D:2      | Reached XP level 4. HP: 40/40 MP: 3/3
  1404 | D:2      | Noticed an eye of devastation
  1536 | D:3      | Found a stormy altar of Qazlal.
  1666 | D:3      | Found a hazy altar of Hepliaklqana.
  1873 | D:3      | Noticed Grinder
  1874 | D:3      | Paralysed by Grinder for 4 turns
  1897 | D:3      | Paralysed by Grinder for 5 turns
  1903 | D:3      | Killed Grinder
  1904 | D:3      | Reached skill level 5 in Axes
  1904 | D:3      | Reached XP level 5. HP: 9/47 MP: 4/4
  1904 | D:3      | Reached XP level 6. HP: 11/55 MP: 5/5
  2496 | D:4      | Found Cicitit's Armour Shoppe.
  2547 | D:4      | Reached skill level 5 in Fighting
  2547 | D:4      | Reached skill level 5 in Armour
  2601 | D:4      | Reached skill level 5 in Shields
  2959 | D:4      | Found a glowing golden altar of the Shining One.
  2966 | D:4      | Found a bloodstained altar of Trog.
  2969 | D:4      | Found a shimmering altar of Xom.
  2972 | D:4      | Found a sacrificial altar of Ru.
  2975 | D:4      | Found a basalt altar of Yredelemnul.
  2976 | D:4      | Found a shadowy altar of Dithmenos.
  2985 | D:4      | Found an ancient bone altar of Kikubaaqudgha.
  3068 | D:5      | Entered Level 5 of the Dungeon
  3362 | D:5      | Found Beadocuk's Antique Weapon Emporium.
  3374 | D:5      | Reached XP level 7. HP: 56/61 MP: 6/6
  3464 | D:5      | Noticed Eustachio
  3482 | D:5      | Killed Eustachio
  3483 | D:5      | Reached skill level 6 in Axes
  3483 | D:5      | Reached skill level 1 in Throwing
  3483 | D:5      | Reached skill level 1 in Evocations
  3569 | D:5      | Found a staircase to the Ecumenical Temple.
  3584 | Temple   | Entered the Ecumenical Temple
  3728 | Temple   | Became a worshipper of Warmaster Okawaru
  4450 | D:6      | Reached * piety under Okawaru
  4451 | D:6      | Reached XP level 8. HP: 56/70 MP: 7/7
  4452 | D:6      | Reached skill level 7 in Axes
  4473 | D:6      | Noticed Menkaure
  4482 | D:6      | Noticed Maggie
  4483 | D:6      | Killed Menkaure
  4492 | D:6      | Killed from afar by Maggie

Illustrated notes

Levels and vault maps discovered:
D:1:      dpeg_arrival_oval, layout_basic
D:2:      layout_basic, hellmonk_ecumenical_altar_watching_god,
          hangedman_decor_clover_reticule
D:3:      layout_loops_cross, nicolae_qazlal_general_emergency,
          nzn_hepliaklqana_mist_gate, uniq_grinder
D:4:      layout_rooms, nicolae_overflow_hallway_of_the_gods, serial_shops,
          nicolae_shop_stone
D:5:      layout_basic, minmay_temple_entry_glass, serial_shops,
          nicolae_diamond_shop, kennysheep_generic_room_8, uniq_eustachio
D:6:      layout_rooms, gup_sewer_entry_pipe, uniq_pikel, uniq_menkaure,
          uniq_maggie, uniq_blork_the_orc, uniq_duvessa, uniq_sigmund
Temple:   nicolae_temple_slightly_damp_pantheon

Skill      XL: |  1  2  3  4  5  6  7  8 |
---------------+-------------------------+-----
Fighting       | 4 5 6 |  6.2
Axes           | 3 5 6 7 |  7.3
Armour         | 4 5 6 |  6.2
Shields        | 4 5 6 |  6.1
Throwing       | 1 2 |  2.3
Evocations     | 1 2 |  2.1

Action                   |  1- 3 |  4- 6 |  7- 9 || total
-------------------------+-------+-------+-------++-------
Melee: War axe           |    70 |   120 |    47 ||   237
       Headbutt          |     4 |    21 |     8 ||    33
Throw: Javelin           |       |     2 |    10 ||    12
Evoke: Wand              |     4 |     1 |       ||     5
  Use: Scroll            |     2 |     7 |       ||     9
Armor: Chain mail        |    44 |    69 |    34 ||   147
       Scale mail        |     1 |       |       ||     1
Dodge: Dodged            |    20 |    34 |    11 ||    65
Block: Buckler           |    15 |    24 |     9 ||    48

Table legend: (Time is in decaauts)
 A = Elapsed time spent in this place.
 B = Non-inter-level travel time spent in this place.
 C = Inter-level travel time spent in this place.
 D = Time resting spent in this place.
 E = Time spent auto-exploring this place.
 F = Levels seen in this place.
 G = Mean time per level.
                   A        B        C        D        E       F      G
               +--------+--------+--------+--------+--------+-----+--------+
         Total |   4567 |   4510 |     57 |    388 |   2795 |   7 |  652.4 |
       Dungeon |   4360 |   4303 |     57 |    388 |   2649 |   6 |  726.7 |
        Temple |    206 |    206 |      0 |      0 |    146 |   1 |  206.0 |
               +--------+--------+--------+--------+--------+-----+--------+

Top non-repeatable levels by time:
     D:5: 1179 daAuts
     D:3: 1002 daAuts
     D:1: 819 daAuts
     D:2: 698 daAuts
     D:4: 599 daAuts
  Temple: 206 daAuts
     D:6: 60 daAuts
